 Dungeon Crawl Stone Soup version 0.24.0-125-gc4c63601f3 (webtiles) character file.

Game seed: 9751691071814924091, levelgen mode: deterministic

81 lepoulpe303 the Grave Robber (level 4, -5/30 HPs)
             Began as a Demonspawn Necromancer on Mar 11, 2020.
             Killed from afar by Sigmund (7 damage)
             ... with a puff of flame
             ... on level 2 of the Dungeon.
             The game lasted 00:07:45 (1772 turns).

lepoulpe303 the Grave Robber (DsNe)                 Turns: 1772, Time: 00:07:46

Health: -5/30      AC:  2    Str:  8    XL:     4   Next: 19%
Magic:  2/8        EV: 12    Int: 17    God:
Gold:   22         SH:  4    Dex: 14    Spells: 3/8 levels left

rFire    . . .     SeeInvis .   d - +0 mace
rCold    . . .     Gourm    .   g - +0 buckler
rNeg     . . .     Faith    .   a - +0 robe
rPois    .         Spirit   .   (no helmet)
rElec    .         Reflect  .   (no cloak)
rCorr    .         Harm     .   (no gloves)
MR       .....                  (no boots)
Stlth    ++........             (no amulet)
HPRegen  0.10/turn              (no ring)
MPRegen  0.11/turn              (no ring)

@: no status effects
A: claws 1, powered by death 2
a: no special abilities


You were on level 2 of the Dungeon.
You were not hungry.

You visited 1 branch of the dungeon, and saw 2 of its levels.

You collected 22 gold pieces.

Inventory:

Hand Weapons
 d - a +0 mace (weapon)
Armour
 a - a +0 robe (worn)
 g - a +0 buckler (worn)
Scrolls
 b - a scroll of immolation {unknown}
 f - a scroll of identify {unknown}
 i - a scroll of fog {unknown}
 j - a scroll of enchant armour {unknown}
Potions
 c - a potion of flight {unknown}
Comestibles
 e - a ration
 h - 4 chunks of flesh


   Skills:
 + Level 2.2 Dodging
 + Level 2.3 Stealth
 * Level 1.0 Shields
 * Level 2.7 Spellcasting
 * Level 5.0 Necromancy


You had 3 spell levels left.
You knew the following spells:

 Your Spells              Type           Power        Failure   Level  Hunger
a - Pain                  Necr           ###.         3%          1    #......
x - Vampiric Draining     Necr           ###.......   10%         3    ###....
A - Animate Skeleton      Necr           N/A          3%          1    #......

Your spell library contained the following spells:

 Spells                   Type           Power        Failure   Level  Hunger
 Regeneration             Chrm/Necr      ##........   28%         3    ###....
 Animate Dead             Necr           N/A          32%         4    #####..


Dungeon Overview and Level Annotations

Branches:
Dungeon (2/15)

Altars:

Annotations:
D:2 Sigmund


Innate Abilities, Weirdness & Mutations

You have sharp fingernails.
You regenerate health from kills.


Message History

You now have 0/8 mp.
Sigmund barely misses you.
Sigmund points at you and mumbles some strange words.
The magic dart hits you.
* * * LOW HITPOINT WARNING * * *
You take 5 damage, and have 1/30 hp.
Sigmund gestures at you while chanting.
You are confused.
You bump into the rock wall.
You're too confused to move!
You bump into the rock wall.
You feel less confused. Sigmund hits you but does no damage.
Sigmund looks at you with fury.
Sigmund gestures wildly while chanting.
Sigmund flickers and vanishes!
Deactivating autopickup; reactivate with Ctrl-A.
A puff of flame appears from out of thin air!
The puff of flame hits you!
You die...

#........###..####.#
#...####.# #..#....#
#... #.###..#.#..#
#%. #.#......#..#
#.. #@#.#....#..# #.
#.#.#..#.#..# ##
#.#....#.#..#
#.######.#..#
#.{....@.####
##########


There were no monsters in sight!

Levels and vault maps discovered:
D:1:      mrwooster_arrival_statue_2, layout_basic
D:2:      layout_basic, lemuel_doored_altar, first_ration, uniq_terence,
          uniq_sigmund

Notes
Turn   | Place    | Note
-------+----------+-------------------------------------------
     0 | D:1      | lepoulpe303 the Demonspawn Necromancer began the quest for
                  | the Orb.
     0 | D:1      | Reached XP level 1. HP: 13/13 MP: 3/3
   110 | D:1      | Identified a +0 club
   235 | D:1      | Identified a +0 club
   262 | D:1      | Gained mutation: You have sharp fingernails. [demonic
                  | ancestry]
   262 | D:1      | Reached XP level 2. HP: 15/19 MP: 0/5
   265 | D:1      | Learned a level 1 spell: Animate Skeleton
   389 | D:1      | Reached skill level 2 in Stealth
   422 | D:1      | Identified a +0 club
   734 | D:1      | Reached skill level 2 in Dodging
   947 | D:1      | Identified a +0 club
  1218 | D:1      | Identified a +0 mace (You found it on level 1 of the
                  | Dungeon)
  1224 | D:1      | Identified a +0 buckler (You found it on level 1 of the
                  | Dungeon)
  1286 | D:2      | Identified a +1 halberd of protection
  1291 | D:2      | Gained mutation: You regenerate a little health from kills.
                  | [demonic ancestry]
  1291 | D:2      | Reached XP level 3. HP: 22/24 MP: 2/6
  1291 | D:2      | Identified a +0 spear
  1360 | D:2      | Identified a +0 club
  1519 | D:2      | Identified a +0 club
  1571 | D:2      | Identified a +0 club
  1578 | D:2      | Gained mutation: You regenerate health from kills. [demonic
                  | ancestry]
  1578 | D:2      | Reached XP level 4. HP: 17/30 MP: 3/8
  1581 | D:2      | Reached skill level 1 in Shields
  1581 | D:2      | Reached skill level 5 in Necromancy
  1586 | D:2      | Learned a level 3 spell: Vampiric Draining
  1688 | D:2      | Identified a +0 scythe
  1688 | D:2      | Identified a +2 robe of cold resistance
  1688 | D:2      | Noticed Sigmund
  1755 | D:2      | HP: 5/30 [Sigmund/+0 scythe (13)]
  1763 | D:2      | HP: 1/30 [Sigmund/magic dart (5)]
  1772 | D:2      | Killed from afar by Sigmund

Table legend:
 A = Turns spent in this place as a percentage of turns spent in the entire game.
 B = Non-inter-level travel turns spent in this place as a percentage of non-inter-level travel turns spent in the entire game.
 C = Inter-level travel turns spent in this place as a percentage of turns spent in this place.
 D = Turns resting spent in this place as a percentage of non-inter-level travel turns spent in this place.
 E = Turns spent auto-exploring this place as a percentage of non-inter-level travel turns spent in this place.
 F = Non-inter-level travel turns spent in this place divided by the number of levels of this place that you've seen.
                   A       B       C       D       E      F
               +-------+-------+-------+-------+-------+----------------------
         Total | 100.0 | 100.0 |   5.8 |  40.7 |  36.3 | 835.0
       Dungeon | 100.0 | 100.0 |   5.8 |  40.7 |  36.3 | 835.0
               +-------+-------+-------+-------+-------+----------------------

Table legend:
 A = Kills in this place as a percentage of kills in entire the game.
 B = Kills by you in this place as a percentage of kills by you in the entire game.
 C = Kills by friends in this place as a percentage of kills by friends in the entire game.
 D = Other kills in this place as a percentage of other kills in the entire game.
 E = Experience gained in this place as a percentage of experience gained in the entire game.
 F = Experience gained in this place divided by the number of levels of this place that you have seen.
                   A       B       C       D       E      F
               +-------+-------+-------+-------+-------+----------------------
         Total | 100.0 | 100.0 |   N/A |   N/A | 100.0 |  58.0
       Dungeon | 100.0 | 100.0 |   N/A |   N/A | 100.0 |  58.0
               +-------+-------+-------+-------+-------+----------------------

Skill      XL: |  1  2  3  4 |
---------------+-------------+-----
Stealth        | 2 |  2.3
Dodging        | 2 |  2.2
Shields        | 1 |  1.0
Necromancy     | 5 |  5.0
Spellcasting   | |  2.7

Action                   |  1- 3 |  4- 6 || total
-------------------------+-------+-------++-------
Melee: Mace              |     8 |     1 ||     9
 Cast: Pain              |    50 |    16 ||    66
       Animate Skeleton  |     2 |       ||     2
  Eat: Chunk             |     2 |     1 ||     3
Armor: Robe              |     1 |     1 ||     2
Dodge: Dodged            |    15 |     2 ||    17
Block: Buckler           |     2 |     1 ||     3

Vanquished Creatures
  An adder (D:2)
  4 gnolls (D:2)
  A worm (D:2)
  A leopard gecko (D:2)
  2 giant cockroaches (D:1)
  4 goblins
  2 hobgoblins (D:1)
  2 kobolds
  A ball python (D:1)
  5 bats (D:1)
  2 frilled lizards (D:1)
  7 rats
32 creatures vanquished.
